 Dungeon Crawl Stone Soup version 0.21-a0-229-g3587535 (webtiles) character file.

280 4thArraOfDagon the Skirmisher (level 6, -1/48 HPs)
             Began as a Mummy Arcane Marksman on Sept 1, 2017.
             Was an Initiate of Wu Jian.
             Slain by Pikel
             ... wielding a +0 whip of electrocution
              (16 damage)
             ... on level 7 of the Dungeon.
             The game lasted 00:08:39 (2282 turns).

4thArraOfDagon the Skirmisher (MuAM)                Turns: 2282, Time: 00:08:40

Health: -1/48      AC:  7    Str: 14    XL:     6   Next: 5%
Magic:  8/8        EV:  9    Int: 14    God:    Wu Jian [......]
Gold:   154        SH:  0    Dex: 12    Spells: 6/7 levels left

rFire    x . .     SeeInvis .   k - +1 dagger (venom)
rCold    + . .     Gourm    .   (no shield)
rNeg     + + +     Faith    .   j - +1 scale mail
rPois    ∞         Spirit   .   (no helmet)
rElec    .         Reflect  .   (no cloak)
rCorr    .         Harm     .   (no gloves)
MR       .....                  (no boots)
Stlth    +.........             (no amulet)
HPRegen  0.16/turn              h - ring of stealth
MPRegen  0.11/turn              (no ring)

@: no status effects
A: no food or potions, fire vulnerability, cold resistance 1, negative energy
resistance 3, torment resistance, unbreathing
a: Renounce Religion


You were on level 7 of the Dungeon.
You worshipped Wu Jian.
Wu Jian was noncommittal.
You were not hungry.

You visited 1 branch of the dungeon, and saw 8 of its levels.

You collected 154 gold pieces.

Inventory:

Hand Weapons
 a - a +0 hand crossbow
 k - a +1 dagger of venom (weapon)
Missiles
 d - 36 bolts
 g - 4 javelins (quivered)
Armour
 e - a +0 robe
 i - a +0 ring mail
 j - a +1 scale mail (worn)
Jewellery
 h - a ring of stealth (left hand)
Scrolls
 b - a scroll of enchant armour
 f - a scroll of remove curse
Books
 c - a book of Debilitation

   Spells                             Type                      Level
   a - Corona                         Hexes                        1
   b - Slow                           Hexes                        2
   c - Inner Flame                    Hexes/Fire                   3
   d - Portal Projectile              Hexes/Translocation          3
   e - Cause Fear                     Hexes                        4
   f - Leda's Liquefaction            Hexes/Earth                  4


   Skills:
 + Level 4.1 Fighting
 - Level 4.0 Crossbows
 + Level 0.0 Armour
 + Level 1.5 Dodging
 - Level 1.3 Spellcasting
 - Level 2.6 Hexes


You had 6 spell levels left.
You knew the following spells:

 Your Spells              Type           Power        Failure   Level  Hunger
a - Corona                Hex            #......      36%         1    N/A

Dungeon Overview and Level Annotations

Branches:
Dungeon (8/15)
 Temple: D:4-7         Lair: D:8-11

Altars:
Wu Jian

Annotations:
D:5 Eustachio, Prince Ribbit
D:7 Pikel


Innate Abilities, Weirdness & Mutations

You do not eat or drink.
Your flesh is vulnerable to fire.
You are immune to poison.
Your flesh is cold resistant. (rC+)
You are immune to negative energy. (rN+++)
You are immune to unholy pain and torment.
You can survive without breathing.


Message History

Pikel is lightly wounded.
Pikel hits you with a whip of electrocution.
You are electrocuted!
You hit Pikel but do no damage.
Pikel is lightly wounded.
Pikel hits you with a whip of electrocution.
You are electrocuted!
* * * LOW HITPOINT WARNING * * *
Unknown command.
Your scale mail prevents you from hitting Pikel.
Pikel is lightly wounded.
Pikel closely misses you.
Unknown command.
You hit Pikel but do no damage.
Pikel looks as sick as possible!
Pikel is lightly wounded.
Pikel barely misses you.
Unknown command.
Unknown command.
Pikel hits you but does no damage.
You are electrocuted!
You die...

#.#..##.#........#
###.#
#.#..##.#........#
#...#
#......p.........#
#.###
#####.####.......#
#.# #.###........#
#.# #.##.#p...####
#.# ##.###.#####
#.# ##.#.##.## #.#
#.###@K..#######
#)#
##.#.......#...#
#.#
##(.##........###.#
##.##.##.#......<#
#.##.....######## .
#[#####..##
.##.#####...#
..#.........#
#.#######...#


You could see Pikel.

Vanquished Creatures
  A slave (D:7)
  A wight (D:7)
  3 hounds
  A centaur skeleton (D:4)
  An iguana (D:4)
  A worker ant (D:4)
  2 adders
  An ooze (D:1)
  An adder skeleton (D:4)
  A worm (D:4)
  3 dart slugs
  4 leopard geckos
  2 orcs
  3 hobgoblins (D:1)
  6 jackals (D:4)
  2 frilled lizards (D:1)
  4 goblins
  2 kobolds (D:1)
  A rat (D:1)
40 creatures vanquished.

Notes
Turn   | Place    | Note
-------+----------+-------------------------------------------
     0 | D:1      | 4thArraOfDagon the Mummy Arcane Marksman began the quest for the Orb.
     0 | D:1      | Reached XP level 1. HP: 15/15 MP: 2/2
    97 | D:1      | Reached XP level 2. HP: 21/21 MP: 4/4
   293 | D:2      | Reached XP level 3. HP: 18/26 MP: 5/5
   657 | D:4      | Reached XP level 4. HP: 20/32 MP: 6/6
  1007 | D:4      | Reached XP level 5. HP: 38/38 MP: 7/7
  1085 | D:5      | Entered Level 5 of the Dungeon
  1085 | D:5      | Noticed Eustachio
  1085 | D:5      | Noticed a centaur
  1293 | D:5      | Noticed Prince Ribbit
  1358 | D:5      | Noticed a sky beast
  1774 | D:7      | Reached XP level 6. HP: 38/48 MP: 8/8
  1878 | D:7      | Found an ornate altar of the Wu Jian Council.
  1915 | D:7      | Became a worshipper of the Wu Jian Council
  1941 | D:6      | Noticed Pikel
  1941 | D:6      | Noticed a slave
  1941 | D:6      | Noticed a slave
  1941 | D:6      | Noticed a slave
  1942 | D:6      | Noticed a slave
  1963 | D:7      | Killed a slave
  2282 | D:7      | Slain by Pikel

Vault maps used:
D:1:      giann_horns
D:3:      kennysheep_six_static_rooms, marbit_many_paths, first_bread,
          uniq_terence
D:4:      minmay_temple_entry_poolview, uniq_edmund
D:5:      elyvilon_altar_4, uniq_prince_ribbit1, uniq_eustachio
D:6:      fiery_altar_vehumet, minmay_misc_feat_rows, uniq_blork_the_orc,
          uniq_pikel
D:7:      nicolae_overflow_crystal_walls
D:8:      gammafunk_temple_overflow_claw

Skill      XL: |  1  2  3  4  5 |
---------------+----------------+-----
Crossbows      | 2 3 4 |  4.0
Fighting       | 2 4 |  4.1
Dodging        | |  1.5
Spellcasting   | |  1.3
Hexes          | |  2.6

Action                   |  1- 3 |  4- 6 || total
-------------------------+-------+-------++-------
Melee: Dagger            |    20 |    86 ||   106
 Fire: Hand crossbow     |    42 |    14 ||    56
Throw: Javelin           |       |     1 ||     1
  Use: Scroll            |       |     7 ||     7
Armor: Scale mail        |     7 |    43 ||    50
       Robe              |     1 |       ||     1
Dodge: Dodged            |    22 |    64 ||    86

Table legend:
 A = Spawn XP
 B = Non-spawn XP
 C = Spawn XP percentage of total XP
 D = Spawn monster count
 E = Non-spawn monster count
 F = Spawn count percentage of total count
 G = Total turns spent on level
                    A         B        C        D         E        F      G
               +---------+---------+-------+---------+---------+-------+---------
         Total |      12 |     388 |   3.0 |       3 |      36 |   7.7 |  2282
               +---------+---------+-------+---------+---------+-------+---------
           D:1 |       4 |      28 |  12.5 |       1 |      13 |   7.1 |   285
           D:2 |       0 |      16 |   0.0 |       0 |       2 |   0.0 |    33
           D:3 |       0 |      12 |   0.0 |       0 |       4 |   0.0 |   287
           D:4 |       5 |     230 |   2.1 |       1 |      15 |   6.2 |   740
           D:6 |       0 |      43 |   0.0 |       0 |       1 |   0.0 |    79
           D:7 |       3 |      59 |   4.8 |       1 |       1 |  50.0 |   841
               +---------+---------+-------+---------+---------+-------+---------
